 Dungeon Crawl Stone Soup version 0.22-a0-414-gacd343e8ff (webtiles) character file.

32 Kriby the Ruffian (level 3, 0/36 HPs)
             Began as a Troll Monk on May 13, 2018.
             Slain by htuhola's ghost (4 damage)
             ... on level 3 of the Dungeon.
             The game lasted 00:01:00 (1074 turns).

Kriby the Ruffian (Troll Monk)                      Turns: 1074, Time: 00:01:00

Health: 0/36       AC:  5    Str: 23    XL:     3   Next: 8%
Magic:  2/2        EV: 10    Int:  6    God:
Gold:   126        SH:  0    Dex: 12    Spells: 2/2 levels left

rFire    . . .     SeeInvis .     - Unarmed
rCold    . . .     Gourm    +   (no shield)
rNeg     . . .     Faith    .   a - +0 robe
rPois    .         Spirit   .   (helmet restricted)
rElec    .         Reflect  .   (no cloak)
rCorr    .         Harm     .   (gloves unavailable)
MR       .....                  (boots unavailable)
Stlth    ++........             c - amulet of the acrobat
HPRegen  0.52/turn              i - +3 ring of strength
MPRegen  0.08/turn              (no ring)

@: flying, very slightly contaminated, invisible
A: large, unfitting armour, claws 3, fast metabolism 3, gourmand, regeneration
1, shaggy fur 1, tough skin 2
a: no special abilities


You were on level 3 of the Dungeon.
You were not hungry.

You visited 1 branch of the dungeon, and saw 3 of its levels.

You collected 126 gold pieces.

Inventory:

Armour
 a - a +0 robe (worn)
Jewellery
 c - an amulet of the acrobat (around neck)
 d - an uncursed amulet of guardian spirit
 i - a +3 ring of strength (left claw)
Scrolls
 g - 2 scrolls of identify
 h - a scroll of noise {unknown}
 j - a scroll of teleportation {unknown}
Potions
 e - a potion of invisibility
 f - a potion of flight
Comestibles
 b - 2 rations


   Skills:
 + Level 2.8 Fighting
 - Level 2.4 Dodging
 - Level 1.0 Stealth
 * Level 3.9 Unarmed Combat


You had 2 spell levels left.
You didn't know any spells.
Your spell library was empty.

Dungeon Overview and Level Annotations

Branches:
Dungeon (3/15)

Altars:
Makhleb
Zin
The Shining One

Annotations:
D:3 htuhola's ghost, amateur OpCj


Innate Abilities, Weirdness & Mutations

You are too large for most types of armour.
You have claws for hands.
Your metabolism is lightning-fast.
You like to eat raw meat.
Your natural rate of healing is unusually fast.
You are covered in fur. (AC +1)
You have very tough skin. (AC +2)


Message History

It was a potion of invisibility.
You fade into invisibility!
Htuhola's ghost stares at you and mumbles some strange words.
The magic dart hits you!
* * * LOW HITPOINT WARNING * * *
The hobgoblin throws a stone.
The stone barely misses htuhola's ghost.
The stone misses you.
You are very lightly contaminated with residual magic.
It was a potion of flight.
You feel very buoyant.
You fly up into the air.
You feel less confused. Htuhola's ghost hits you.
* * * LOW HITPOINT WARNING * * *
You strike the helpless htuhola's ghost from behind!
You claw htuhola's ghost!
Htuhola's ghost is heavily damaged.
Htuhola's ghost hits you.
You die...

#.....# ...# ..#. #.....# ..)#
P#...# ##....# ...# _.PP #..#
#..g.# ...###..###..# #..W.###
...'.#P#P##..# ###.(..#
...#.#..###..#######.....#####
##.......##......g##..#......####
#.(......##.....@W......###......
#.(......##..####.#########..##.#
#....(.#.##..####............#
.......(.(...#^...#.....####.....
.......#.###.#.##.#...#.### #####
.......#.###)#.##...###...#
.......#..##...#........#.#####
.......##.##.###.##..##....##.###
.......##.##............#....)..#


You could see htuhola's ghost and a hobgoblin.

Vanquished Creatures
  An adder (D:2)
  An ooze (D:2)
  A worm (D:2)
  2 leopard geckos (D:2)
  A bat (D:2)
  2 goblins
  2 hobgoblins
  A kobold (D:2)
  3 rats
14 creatures vanquished.

Notes
Turn   | Place    | Note
-------+----------+-------------------------------------------
     0 | D:1      | Kriby the Troll Monk began the quest for the Orb.
     0 | D:1      | Reached XP level 1. HP: 22/22 MP: 0/0
   173 | D:2      | Reached XP level 2. HP: 23/29 MP: 1/1
   606 | D:2      | Reached XP level 3. HP: 36/36 MP: 2/2
   618 | D:2      | Found a burning altar of Makhleb.
   620 | D:2      | Found a glowing silver altar of Zin.
   620 | D:2      | Noticed an angel
   621 | D:2      | Noticed an Executioner
   976 | D:3      | Found a glowing golden altar of the Shining One.
  1048 | D:3      | Noticed htuhola's ghost (amateur OpCj)
  1074 | D:3      | Slain by htuhola's ghost

Vault maps used:
D:1:      dpeg_arrival_chambers_temple_mockup, nrook_mini_vaults,
          serial_bayou_pond_e
D:2:      grunt_temple_overflow_order_and_chaos_2
D:3:      gammafunk_temple_overflow_forgotten

Action                   || total
-------------------------++-------
Melee: Unarmed           ||    34
  Use: Potion            ||     2
       Scroll            ||     1
 Stab: Sleeping          ||     2
       Invisible         ||     1
  Eat: Chunk             ||    10
Armor: Robe              ||    13
Dodge: Dodged            ||    34

Table legend:
 A = Spawn XP
 B = Non-spawn XP
 C = Spawn XP percentage of total XP
 D = Spawn monster count
 E = Non-spawn monster count
 F = Spawn count percentage of total count
 G = Total turns spent on level
                    A         B        C        D         E        F      G
               +---------+---------+-------+---------+---------+-------+---------
         Total |       0 |      46 |   0.0 |       0 |      14 |   0.0 |  1074
               +---------+---------+-------+---------+---------+-------+---------
           D:1 |       0 |       4 |   0.0 |       0 |       2 |   0.0 |   113
           D:2 |       0 |      39 |   0.0 |       0 |      10 |   0.0 |   812
           D:3 |       0 |       3 |   0.0 |       0 |       2 |   0.0 |   149
               +---------+---------+-------+---------+---------+-------+---------
